 Dungeon Crawl Stone Soup version 0.19-a0-1111-gcceb26a (webtiles) character file.

4504 mistymad the Thaumaturge (level 10, 0/60 HPs)
             Began as a Deep Elf Fire Elementalist on Aug 11, 2016.
             Was a Priest of Sif Muna.
             Slain by an unseen horror (4 damage)
             ... on level 9 of the Dungeon.
             The game lasted 00:40:23 (11847 turns).

mistymad the Thaumaturge (DEFE)                    Turns: 11847, Time: 00:40:23

Health: 0/60       AC: 15    Str:  5    XL:     10   Next: 16%
Magic:  26/26      EV: 13    Int: 24    God:    Sif Muna [***...]
Gold:   498        SH:  0    Dex: 15    Spells: 7 memorised, 10 levels left

rFire  + . .     SeeInvis .     H - +0 mace (protect)
rCold  . . .     Gourm    +     A - +1 robe {rC+}
rNeg   . . .     Faith    .     (no shield)
rPois  .         Spirit   .     i - +2 hat {MR+}
rElec  .         Dismiss  .     J - +0 cloak
rCorr  .         Reflect  .     a - +2 pair of gloves
SustAt .         Harm     .     r - +0 pair of boots
MR     +++..                    s - amulet of the gourmand
Stlth  ++........               j - ring of fire
                                d - ring of protection from magic

@: divine energy
A: no striking features
a: Stop Divine Energy, Channel Magic, Renounce Religion


You were on level 9 of the Dungeon.
You worshipped Sif Muna.
Sif Muna was most pleased with you.
You were completely stuffed.

You visited 2 branches of the dungeon, and saw 10 of its levels.

You collected 498 gold pieces.

Inventory:

Hand Weapons
 f - a +1 dagger
 o - a +0 hunting sling
 t - a +2 short sword of speed
 E - a +0 blowgun
 H - a +0 mace of protection (weapon)
Missiles
 y - 51 poisoned needles
 O - 31 sling bullets
Armour
 a - a +2 pair of gloves (worn)
 i - a +2 hat of magic resistance (worn)
 p - a +0 buckler
 r - a +0 pair of boots (worn)
 A - a +1 robe of cold resistance (worn)
 J - a +0 cloak (worn)
Jewellery
 d - a ring of protection from magic (left hand)
 g - a +4 ring of strength
 j - a ring of fire (right hand)
 s - an amulet of the gourmand (around neck)
Wands
 B - a wand of disintegration (3/24)
 C - a wand of confusion (20/48)
 K - a wand of lightning (7/15)
 L - a wand of digging (24/24)
 S - a wand of paralysis (6/24)
Scrolls
 k - 2 scrolls of enchant weapon
 n - 12 scrolls of identify
 v - 2 scrolls of magic mapping
 D - a scroll of teleportation
 G - 2 scrolls of remove curse
 I - 3 scrolls of enchant armour
 Q - a scroll of fog
 T - a scroll of amnesia {unknown}
Potions
 e - 3 potions of invisibility
 m - 2 potions of flight {unknown}
 q - 2 potions of haste {unknown}
 u - 5 potions of brilliance {unknown}
 z - a potion of berserk rage {unknown}
 F - 3 potions of curing {unknown}
 N - 3 potions of might {unknown}
 P - 3 potions of cancellation {unknown}
 R - 4 potions of lignification {unknown}
 V - a potion of magic {unknown}
 W - a potion of beneficial mutation {unknown}
Books
 b - a book of Flames

   Spells                             Type                      Level
   a - Flame Tongue                   Conjuration/Fire             1
   b - Throw Flame                    Conjuration/Fire             2
   c - Conjure Flame                  Conjuration/Fire             3
   d - Inner Flame                    Hexes/Fire                   3
   e - Sticky Flame                   Conjuration/Fire             4
   f - Fireball                       Conjuration/Fire             5
 M - a book of Cantrips

   Spells                             Type                      Level
   a - Confusing Touch                Hexes                        1
   b - Animate Skeleton               Necromancy                   1
   c - Summon Small Mammal            Summoning                    1
   d - Apportation                    Translocation                1
Comestibles
 c - 5 bread rations
 h - a beef jerky
 l - 6 meat rations
 w - 2 royal jellies
 x - 2 slices of pizza


   Skills:
 + Level 5.8 Fighting
 - Level 2.4 Dodging
 - Level 2.4 Stealth
 + Level 10.1 Spellcasting
 + Level 7.9 Conjurations
 + Level 8.7 Fire Magic
 + Level 3.0 Invocations


You had 10 spell levels left.
You knew the following spells:

 Your Spells              Type           Power        Failure   Level  Hunger
a - Flame Tongue          Conj/Fire      #####        1%          1    None
b - Throw Flame           Conj/Fire      ######       1%          2    None
c - Conjure Flame         Conj/Fire      ######..     1%          3    None
d - Inner Flame           Hex/Fire       #####...     2%          3    None
e - Sticky Flame          Conj/Fire      ######..     1%          4    #......
f - Fireball              Conj/Fire      ######....   6%          5    ####...
g - Apportation           Tloc           ##........   6%          1    None


Dungeon Overview and Level Annotations

Branches:
Dungeon (9/15)             Temple (1/1) D:4
   Lair: D:8-11         Orc: D:9-12

Altars:
Ashenzari
Cheibriados
Dithmenos
Elyvilon
Fedhas
Gozag
Hepliaklqana
Kikubaaqudgha
Makhleb
Nemelex Xobeh
Okawaru
Pakellas
Qazlal
Ru
Sif Muna
Trog
Uskayaw
Vehumet
Xom
Yredelemnul
Zin
The Shining One

Shops:
D:6 !

Annotations:
D:9 Psyche


Message History

Psyche shouts!
Something hits you!
* * * LOW HITPOINT WARNING * * *
A killer bee and an orc warrior come into view.
The orc warrior is wielding a vampiric halberd.
You take 8 damage, and have 12/60 hp.
The orc warrior shouts!
Psyche looks braver for a moment.
A killer bee comes into view.
Something hits you but does no damage. Something barely misses you.
Found a leather armour.
The killer bee buzzes angrily.
A shadow imp comes into view.
The shadow imp shouts, "Away with thee, thou spongy full-gorged yak-dropping!"
Something hits you!
* * * LOW HITPOINT WARNING * * *
You take 9 damage, and have 4/60 hp.
Something hits you.
You die...

... ##.......###..y...
.. #....###.....5##
#.## #.... #.....o..#
..# ##..# #$.#.@#.[#
#.###...#######y.# ##
#.##....#..#..#T.#..#
#.#........#........#
#.......(.###......##
#....###.....@###......
#(....#....[...# ......
#..#..#..#..#.[# .#...#
# #..#######..####
##._.# # #..#..# #..#
[).# # #.....# ..... ..
# #....###...... #
#.........###. #
#..........#


You could see Psyche, a troll, an orc warrior, a killer bee and a shadow imp.

Vanquished Creatures
  A troll (D:9)
  A hippogriff (D:7)
  A sky beast (D:9)
  A black bear (D:9)
  3 ice beasts
  A phantom (D:4)
  3 orc warriors
  9 ogres
  A centaur (D:9)
  A big kobold (D:9)
  3 giant frogs
  A gnoll sergeant (D:7)
  4 scorpions
  3 jellies (D:7)
  4 wights (D:6)
  3 howler monkeys
  4 crimson imps
  A wasp zombie (D:5)
  A centaur zombie (D:5)
  A quasit (D:8)
  6 hounds
  2 orc priests
  Crazy Yiuf (D:4)
  3 centaur skeletons
  3 giant frog skeletons
  An iguana (D:5)
  9 orc wizards
  10 worker ants
  A hound zombie (D:6)
  A howler monkey zombie (D:5)
  8 gnolls (D:7)
  15 adders
  2 shadow imps
  3 worms
  A dart slug (D:1)
  7 giant geckos
  36 orcs
  8 bats
  3 giant cockroaches
  17 goblins
  6 hobgoblins
  9 jackals
  12 kobolds
  5 quokkas
  4 ball pythons
  A giant gecko skeleton (D:4)
  6 giant newts
  A quokka skeleton (D:4)
  11 rats
239 creatures vanquished.

Notes
Turn   | Place    | Note
-------+----------+-------------------------------------------
     0 | D:1      | mistymad the Deep Elf Fire Elementalist began the quest for the Orb.
     0 | D:1      | Reached XP level 1. HP: 10/10 MP: 6/6
   168 | D:1      | Reached XP level 2. HP: 15/15 MP: 1/8
   623 | D:1      | Reached skill level 4 in Spellcasting
   666 | D:1      | Reached XP level 3. HP: 16/19 MP: 7/10
   976 | D:2      | Learned a level 2 spell: Throw Flame
   980 | D:2      | Learned a level 3 spell: Conjure Flame
   984 | D:2      | Learned a level 3 spell: Inner Flame
  1591 | D:2      | Reached XP level 4. HP: 24/24 MP: 4/12
  1603 | D:2      | Reached skill level 1 in Fighting
  1695 | D:2      | Found a stormy altar of Qazlal.
  2662 | D:3      | Reached XP level 5. HP: 29/29 MP: 4/14
  3204 | D:4      | Noticed an ogre
  3211 | D:4      | Reached skill level 5 in Spellcasting
  3230 | D:4      | Killed an ogre
  3332 | D:4      | Reached XP level 6. HP: 27/35 MP: 11/16
  3397 | D:4      | Found a runed door.
  3401 | D:4      | Noticed Crazy Yiuf
  3406 | D:4      | Killed Crazy Yiuf
  3666 | D:4      | Reached skill level 6 in Spellcasting
  3666 | D:4      | Reached skill level 5 in Fire Magic
  3772 | D:4      | Reached XP level 7. HP: 33/40 MP: 6/18
  4040 | D:4      | Found a staircase to the Ecumenical Temple.
  4051 | Temple   | Entered the Ecumenical Temple
  4057 | Temple   | Became a worshipper of Sif Muna the Loreminder
  4357 | D:4      | Learned a level 4 spell: Sticky Flame
  4363 | D:4      | Learned a level 5 spell: Fireball
  4366 | D:4      | Learned a level 1 spell: Apportation
  4445 | D:5      | Entered Level 5 of the Dungeon
  4801 | D:5      | Reached skill level 7 in Spellcasting
  4936 | D:5      | Reached XP level 8. HP: 46/46 MP: 7/20
  5039 | D:5      | Reached skill level 5 in Conjurations
  5412 | D:5      | Reached * piety under Sif Muna
  6434 | D:5      | Found a burning altar of Makhleb.
  6435 | D:5      | Found an oddly glowing altar of Pakellas.
  6924 | D:6      | Reached skill level 8 in Spellcasting
  7078 | D:6      | Reached ** piety under Sif Muna
  7414 | D:6      | Found a shadowy altar of Dithmenos.
  7496 | D:6      | Reached XP level 9. HP: 52/52 MP: 14/23
  7877 | D:6      | Found Kuiny's Distillery.
  7942 | D:6      | Reached skill level 9 in Spellcasting
  8270 | D:7      | Reached skill level 5 in Fighting
  8464 | D:7      | Reached *** piety under Sif Muna
  9708 | D:7      | Reached skill level 1 in Invocations
 10078 | D:7      | Identified a scroll of acquirement
 10859 | D:9      | Reached XP level 10. HP: 60/60 MP: 9/25
 11090 | D:9      | Reached skill level 10 in Spellcasting
 11831 | D:9      | Found a basalt altar of Yredelemnul.
 11840 | D:9      | Noticed Psyche
 11847 | D:9      | Slain by an unseen horror

Vault maps used:
D:1:      ncdulo_wetmaze, patterned_corridor
D:2:      grunt_qazlal_clouds
D:3:      first_bread
D:4:      minmay_diamond_boxcup, enter_ossuary_1, uniq_crazy_yiuf_cottage
D:5:      kennysheep_spiral_hall, gammafunk_temple_overflow_statue
D:6:      grunt_dithmenos_smoke, serial_shops, shop, dk_noncrumbling_4,
          minmay_ogre_servants
D:9:      hangedman_cross_cluster, david_nohive_1, uniq_psyche
Temple:   eino_narrow_crystal_temple

Skill      XL: |  1  2  3  4  5  6  7  8  9 10 |
---------------+-------------------------------+-----
Spellcasting   | 4 5 6 7 8 9 10 | 10.1
Conjurations   | 2 3 4 6 7 |  7.9
Fighting       | 1 2 3 4 5 |  5.8
Fire Magic     | 4 5 6 7 8 |  8.7
Invocations    | 2 3 |  3.0
Dodging        | |  2.4
Stealth        | |  2.4

Action                   |  1- 3 |  4- 6 |  7- 9 | 10-12 || total
-------------------------+-------+-------+-------+-------++-------
Melee: Mace              |       |       |   511 |     3 ||   514
       Short sword       |       |       |    70 |       ||    70
 Cast: Flame Tongue      |    55 |    86 |   256 |    15 ||   412
       Throw Flame       |     8 |    17 |    94 |    28 ||   147
       Conjure Flame     |     2 |     6 |    25 |     5 ||    38
       Inner Flame       |       |     1 |    16 |       ||    17
Invok: Divine Energy     |       |       |     1 |       ||     1
  Use: Scroll            |     2 |     1 |    12 |       ||    15
  Eat: Chunk             |     2 |    16 |    25 |     3 ||    46
Armor: Robe              |     2 |    13 |   324 |    10 ||   349
       Leather armour    |       |       |    32 |       ||    32
Dodge: Dodged            |     8 |    24 |   507 |     5 ||   544
